 Dungeon Crawl Stone Soup version 0.30.0-10-gfe55d96785 (webtiles) character file.

Game seed: 2031263508510517051

6778 qeuew the Protected (level 10, -1/90 HPs)
             Began as a Minotaur Fighter on May 15, 2023.
             Was an Initiate of Gozag.
             Slain by an acid dragon (10 damage)
             ... on level 8 of the Dungeon.
             The game lasted 00:10:49 (7906 turns).

qeuew the Protected (Minotaur Fighter)              Turns: 7906, Time: 00:10:50

Health: -1/90      AC:  7    Str: 26    XL:     10   Next: 76%
Magic:  9/9        EV: 13    Int:  4    God:    Gozag
Gold:   350        SH:  8    Dex: 12    Spells: 9/9 levels left

rFire   . . .        a - +1 war axe
rCold   . . .        e - +2 buckler
rNeg    . . .        b - +0 scale mail
rPois   +            (helmet restricted)
rElec   .            (no cloak)
rCorr   .            (no gloves)
SInv    .            q - +1 pair of boots
Will    .....        (no amulet) Stlth
                     i - ring of poison resistance
HPRegen 0.00/turn    h - +4 ring of protection
MPRegen 0.11/turn

%: no passive effects
@: corroded, inhibited regen
A: horns 2, retaliatory headbutt, inhibited regeneration, strong 1
a: Renounce Religion, Potion Petition, Call Merchant, Bribe Branch


You were on level 8 of the Dungeon.
You worshipped Gozag.
Gozag was aware of your devotion.
You visited 2 branches of the dungeon, and saw 9 of its levels.
You also visited: Sewer and Ossuary.

You collected 981 gold pieces.
You paid 631 gold pieces to Gozag.

Inventory:

Hand Weapons
 a - a +1 war axe (weapon)
Armour
 b - a +0 scale mail (worn)
 e - a +2 buckler (worn)
 p - a +1 hat
 q - a +1 pair of boots (worn)
Jewellery
 h - a +4 ring of protection (right hand)
 i - a ring of poison resistance (left hand)
Wands
 c - a wand of light (7)
 j - a wand of iceblast (21)
 l - a wand of flame (29)
Scrolls
 g - 2 scrolls of identify
 k - a scroll of blinking
 o - a scroll of fear
 s - a scroll of fog
 z - a scroll of teleportation
Potions
 d - 3 potions of might
 f - 4 potions of curing
 m - a potion of mutation
 n - 3 potions of resistance
 r - 2 potions of invisibility
 u - a potion of haste


   Skills:
 + Level 8.9 Fighting
 + Level 8.4 Axes
 * Level 12.0 Armour
 + Level 7.2 Dodging
 + Level 8.9 Shields
 + Level 5.8 Evocations


You had 9 spell levels left.
You didn't know any spells.
Your spell library contained the following spells:

 Spells                   Type           Power      Damage    Failure   Level
 Magic Dart               Conj           0%         1d3       77%         1
 Call Imp                 Summ           0%         N/A       88%         2
 Ensorcelled Hibernation  Hex/Ice        0%         N/A       88%         2
 Passwall                 Tmut/Erth      0%         N/A       88%         2
 Gell's Gravitas          Tloc           0%         N/A       98%         3
 Mephitic Cloud           Conj/Pois/Air  0%         N/A       98%         3
 Swiftness                Air            0%         N/A       98%         3
 Teleport Other           Tloc           0%         N/A       98%         3
 Passage of Golubria      Tloc           0%         N/A       100%        4
 Silence                  Hex/Air        0%         N/A       100%        5
 Dispersal                Tloc           0%         N/A       100%        6
 Lehudib's Crystal Spear  Conj/Erth      0%         10d2      100%        8


Dungeon Overview and Level Annotations

Branches:
Dungeon (8/15)             Temple (1/1) D:5            Lair (0/5) D:8
  Sewer (visited)         Ossuary (visited)

Altars:
Dithmenos
Elyvilon
Fedhas
Gozag
Hepliaklqana
Okawaru
Qazlal
Sif Muna
Trog
Uskayaw
Vehumet
Wu Jian
Yredelemnul
Zin

Shops:
D:8 *


Innate Abilities, Weirdness & Mutations

You have a pair of horns on your head.
You reflexively headbutt those who attack you in melee.
You do not regenerate when monsters are visible.
Your muscles are strong. (Str +4, Int/Dex -1)


Message History

You barely miss the acid dragon.
You headbutt the acid dragon, but do no damage.
You block the acid dragon's attack. The acid dragon closely misses you.
You closely miss the acid dragon. Your headbutt misses the acid dragon.
The acid dragon spits acid at you. The splash of acid hits you!!
The acid corrodes you!
You are too injured to fight recklessly!
You are too injured to fight recklessly!
You are too injured to fight recklessly!
You are too injured to fight recklessly!
You are too injured to fight recklessly!
You are too injured to fight recklessly!
You are too injured to fight recklessly!
You are too injured to fight recklessly!
You are too injured to fight recklessly!
Unknown command.
You slash the acid dragon!
You headbutt the acid dragon, but do no damage.
The acid dragon is moderately wounded.
The acid dragon bites you.
* * * LOW HITPOINT WARNING * * *
The acid dragon barely misses you.
Unknown command.
You hit the acid dragon. Your headbutt misses the acid dragon.
The acid dragon is heavily wounded.
The acid dragon spits acid at you. The splash of acid hits you!!
* * * LOW HITPOINT WARNING * * *
Unknown command.
Okay, then.
You feel better. You block the acid dragon's attack.
The acid dragon claws you but does no damage.
You feel better. The acid dragon spits acid at you.
The splash of acid hits you!!
* * * LOW HITPOINT WARNING * * *
The acid corrodes you!
You feel better. The acid dragon bites you!
You die...
Your body crumbles into a pile of gold.

...... .#
..D.. #.#
.... ..
...#.##
.....# ....
##D#
####@$#
#...$.##
#....$.#
#......#
#......##
#.......##
#........#
#........##
###
#.........#


You could see an acid dragon (catching breath).

Vanquished Creatures
  An elephant (D:8)
  Maurice (D:8)
  The ghost of qeuew the Sneak, a novice SpEE of Nemelex Xobeh (D:6)
  A yak (D:8)
  Grum (D:8)
  A basilisk (D:8)
  3 water moccasins
  5 black bears
  A sky beast (D:8)
  2 ice beasts
  2 wolves (D:8)
  4 centaurs
  An ogre (D:6)
  3 phantoms
  2 bullfrogs (D:8)
  5 kobold brigands
  A gnoll sergeant (D:8)
  A scorpion (D:6)
  9 wights (D:8)
  4 killer bees (D:7)
  A jelly (D:8)
  3 orc priests
  6 hounds
  A human zombie (Ossuary)
  6 orc wizards
  A sleepcap (D:5)
  6 iguanas
  3 mummies (Ossuary)
  Robin (D:2)
  8 gnolls
  6 adders
  2 white imps
  3 adder zombies (Ossuary)
  5 worms
  4 dart slugs
  23 orcs
  5 endoplasms
  7 giant cockroaches
  18 goblins
  10 hobgoblins
  3 jackals (D:4)
  17 kobolds
  3 quokkas
  13 ball pythons
  9 bats
  A frilled lizard (Sewer)
  A goblin zombie (Ossuary)
  2 hobgoblin zombies (Ossuary)
  2 kobold zombies (Ossuary)
  5 quokka zombies (Ossuary)
  8 rats
  4 rat zombies (Ossuary)
236 creatures vanquished.

Notes
Turn   | Place    | Note
-------+----------+-------------------------------------------
     0 | D:1      | qeuew the Minotaur Fighter began the quest for the Orb.
     0 | D:1      | Reached XP level 1. HP: 19/19 MP: 0/0
   104 | D:1      | Reached XP level 2. HP: 27/27 MP: 1/1
   217 | D:1      | Reached skill level 4 in Armour
   518 | D:1      | Reached skill level 1 in Dodging
   860 | D:2      | Noticed Robin
   864 | D:2      | Reached XP level 3. HP: 33/33 MP: 2/2
   886 | D:2      | Killed Robin
  1341 | D:2      | Reached XP level 4. HP: 40/40 MP: 3/3
  2340 | D:3      | You fall into a shaft and drop 3 floors!
  2373 | D:6      | Reached skill level 5 in Armour
  2373 | D:6      | Reached XP level 5. HP: 43/46 MP: 4/4
  2399 | D:6      | Noticed a centaur
  2401 | D:6      | Found a runed translucent door.
  2403 | D:6      | Noticed a centaur
  2407 | D:6      | Killed a centaur
  2409 | D:6      | Killed a centaur
  2410 | D:6      | Reached skill level 1 in Evocations
  2410 | D:6      | Reached XP level 6. HP: 27/53 MP: 5/5
  2410 | D:6      | Noticed qeuew's ghost (novice SpEE)
  2418 | D:6      | HP: 1/53 [iguana (12)]
  2465 | D:6      | Reached skill level 6 in Armour
  2535 | D:6      | Found a glowing drain.
  2544 | Sewer    | Entered a sewer
  2689 | Sewer    | Reached skill level 5 in Fighting
  2689 | Sewer    | Reached skill level 5 in Shields
  2689 | Sewer    | Reached XP level 7. HP: 50/61 MP: 6/6
  2950 | D:6      | Reached skill level 7 in Armour
  3007 | D:6      | Reached XP level 8. HP: 61/69 MP: 7/7
  3014 | D:5      | Entered Level 5 of the Dungeon
  3027 | D:5      | Reached skill level 5 in Axes
  3208 | D:5      | Found a radiant altar of Vehumet.
  3582 | D:4      | Found a sand-covered staircase.
  3607 | Ossuary  | Entered an ossuary
  4173 | D:3      | Reached skill level 10 in Armour
  4173 | D:3      | Reached skill level 5 in Evocations
  4173 | D:3      | Reached XP level 9. HP: 81/81 MP: 8/8
  4178 | D:3      | Gained mutation: You occasionally lose the ability to drink
                  | potions when taking damage. [potion of mutation]
  4179 | D:3      | Lost mutation: You occasionally lose the ability to drink
                  | potions when taking damage. [potion of mutation]
  4179 | D:3      | Gained mutation: You do not regenerate when monsters are
                  | visible. [potion of mutation]
  4179 | D:3      | Gained mutation: Your muscles are strong. (Str +4, Int/Dex
                  | -1) [potion of mutation]
  4983 | D:5      | Reached skill level 11 in Armour
  5014 | D:5      | Found a hazy altar of Hepliaklqana.
  5554 | D:5      | Found a staircase to the Ecumenical Temple.
  5682 | Temple   | Entered the Ecumenical Temple
  5735 | Temple   | Became a worshipper of Gozag Ym Sagoz the Greedy
  5852 | D:6      | Found a bloodstained altar of Trog.
  5933 | D:6      | Found a stormy altar of Qazlal.
  6050 | D:6      | Killed qeuew's ghost
  6230 | D:7      | Found an ornate altar of the Wu Jian Council.
  6375 | D:7      | Reached XP level 10. HP: 89/90 MP: 9/9
  7097 | D:8      | Found a staircase to the Lair.
  7097 | D:8      | Noticed an elephant
  7131 | D:8      | Killed an elephant
  7154 | D:8      | Noticed Maurice
  7180 | D:8      | Killed Maurice
  7311 | D:8      | Found Zipaim's General Store.
  7312 | D:8      | Noticed Grum
  7323 | D:8      | Killed Grum
  7568 | D:8      | Found a basalt altar of Yredelemnul.
  7766 | D:8      | Reached skill level 12 in Armour
  7903 | D:8      | HP: 4/90 [acid dragon/splash of acid (21)]
  7906 | D:8      | Slain by an acid dragon

Illustrated notes

Levels and vault maps discovered:
D:1:      amcnicky_arrival_blooded_trapdoor, layout_loops_ring,
          chequers_mini_garden
D:2:      layout_basic, chequers_avenue, minmay_tromino_v7, uniq_robin
D:3:      layout_loops_cross, kennysheep_crisscross
D:4:      minmay_door_path, layout_loops_ring, enter_ossuary_1
D:5:      layout_cave_pods, old_standard_altar, nicolae_vehumet_radiance,
          minmay_temple_entry_fiery
D:6:      layout_basic, nicolae_qazlal_scattered_showers,
          mainiacjoe_overflow_catwalk, gammafunk_ghost_grave,
          portal_sewer_entry_d
D:7:      layout_gridville, nzn_wu_jian_council_hall, amethyst_killhole
D:8:      layout_cave_pods, yredelemnul_altar_generic, david_lair_generic,
          serial_shops, shop, enter_bailey_8, uniq_maurice, uniq_grum
Temple:   jpeg_temple_clearing

Skill      XL: |  1  2  3  4  5  6  7  8  9 10 |
---------------+-------------------------------+-----
Armour         | 4 5 6 7 10 11 12 | 12.0
Dodging        | 1 2 3 6 7 |  7.2
Fighting       | 4 5 8 |  8.9
Axes           | 3 4 7 8 |  8.4
Shields        | 4 5 8 |  8.9
Evocations     | 1 2 5 |  5.8

Action                     |  1- 3 |  4- 6 |  7- 9 | 10-12 || total
---------------------------+-------+-------+-------+-------++-------
  Melee: War axe           |    96 |    80 |   251 |   164 ||   591
         Headbutt          |    11 |    10 |    42 |    35 ||    98
 Invoke: Potion Petition   |       |       |       |     1 ||     1
    Use: Scroll            |     5 |     2 |    11 |     2 ||    20
         Potion            |     1 |     3 |     7 |     6 ||    17
   Stab: Distracted        |       |       |       |     2 ||     2
 Armour: Scale mail        |    51 |    42 |   111 |   100 ||   304
  Dodge: Dodged            |    40 |    37 |   105 |   104 ||   286
  Block: Buckler           |    25 |    34 |    86 |    78 ||   223
